 Dungeon Crawl Stone Soup version 0.29-a0-732-g3d7fbe0af2 (webtiles) character file.

Game seed: 16780384022522659694

5510 zeratav the Marksspriggan (level 10, -12/46 HPs)
             Began as a Spriggan Hunter on June 29, 2022.
             Was a Follower of Dithmenos.
             Mangled by a boulder beetle (58 damage)
             ... on level 11 of the Dungeon.
             The game lasted 00:11:31 (8111 turns).

zeratav the Marksspriggan (Spriggan Hunter)         Turns: 8111, Time: 00:11:32

Health: -12/46     AC:  2    Str:  7    XL:     10   Next: 43%
Magic:  11/11      EV: 23    Int: 10    God:    Dithmenos [*.....]
Gold:   377        SH:  5    Dex: 24    Spells: 9/9 levels left

rFire   . . .      SeeInvis +   y - +10 sling of Fortitude {venom, rF- rC++}
rCold   + . .      Faith    .   (no shield)
rNeg    . . .      Spirit   .   D - +0 robe {Will+}
rPois   .          Reflect  +   (helmet restricted)
rElec   .          Harm     .   (no cloak)
rCorr   .          Rampage  .   (gloves unavailable)
Will    ++...                   (boots unavailable)
Stlth   ++++......              F - amulet of reflection
HPRegen 0.15/turn               r - +4 ring of evasion
MPRegen 0.12/turn               m - ring of fire

@: wreathed by umbra, very quick
A: very small, no large weapons, unfitting armour, see invisible, speed 3
a: Renounce Religion


You were on level 11 of the Dungeon.
You worshipped Dithmenos.
Dithmenos was aware of your devotion.
You visited 2 branches of the dungeon, and saw 10 of its levels.

You collected 377 gold pieces.


Innate Abilities, Weirdness & Mutations

You are very small and have problems with some larger weapons.
You are too small for most types of armour.
You have supernaturally acute eyesight. (SInv)
You cover ground extremely quickly. (Speed+++)


   Skills:
 + Level 2.2 Fighting
 - Level 18.0 Ranged Weapons
 + Level 3.7 Dodging
 - Level 5.0 Stealth


You had 9 spell levels left.
You didn't know any spells.
Your spell library contained the following spells:

 Spells                   Type           Power      Damage    Failure   Level
 Summon Small Mammal      Summ           0%         N/A       36%         1
 Call Canine Familiar     Summ           0%         N/A       75%         3
 Portal Projectile        Hex/Tloc       0%         N/A       75%         3
 Summon Guardian Golem    Hex/Summ       0%         N/A       75%         3
 Leda's Liquefaction      Hex/Erth       0%         N/A       98%         4
 Fireball                 Conj/Fire      0%         3d3       100%        5
 Iskenderun's Battlesphe  Conj           0%         2d6       100%        5
 Conjure Ball Lightning   Conj/Air       0%         3x3d6     100%        6
 Orb of Destruction       Conj           0%         9d5       100%        7

Inventory:

Hand Weapons
 v - a +0 vorpal shortbow {bow}
   (You found it on level 4 of the Dungeon)
 y - the +10 sling of Fortitude (weapon) {venom, rF- rC++}
   (You took it off a wight on level 8 of the Dungeon)

   Any ammunition fired from it poisons the flesh of those it strikes.
   rF:        It makes you vulnerable to fire.
   rC:        It greatly protects you from cold.
 I - the +11 rapier of Bodily Harmony {venom, Dex+3, short}
   (You found it on level 7 of the Dungeon)

   It poisons the flesh of those it strikes.
   Dex:       It affects your dexterity (+3).
Armour
 D - a +0 robe of willpower (worn)
   (You took it off Blork the orc on level 5 of the Dungeon)
Jewellery
 m - a ring of fire (right hand)
   (You found it on level 2 of the Dungeon)
 r - a +4 ring of evasion (left hand)
   (You found it on level 4 of the Dungeon)
 w - the ring "Sauhik" {rCorr MP+9}
   (You found it on level 4 of the Dungeon)

   [ring of resist corrosion]

   MP:        It affects your magic capacity (+9).
   rCorr:     It protects you from acid and corrosion.
 z - a ring of ice
   (You took it off an orc priest on level 5 of the Dungeon)
 A - a +6 ring of strength
   (You found it on level 5 of the Dungeon)
 B - a ring of ice
   (You found it on level 5 of the Dungeon)
 F - an amulet of reflection (around neck)
   (You found it on level 6 of the Dungeon)
Wands
 h - a wand of mindburst (4)
   (You found it on level 5 of the Dungeon)
 t - a wand of digging (2)
   (You took it off Ijyb on level 4 of the Dungeon)
 u - a wand of flame (27)
   (You found it on level 4 of the Dungeon)
 H - a wand of iceblast (6)
   (You found it on level 7 of the Dungeon)
Scrolls
 b - a scroll of immolation {!r!r}
 i - 3 scrolls of poison {!r}
 j - a scroll of fear
 p - 3 scrolls of magic mapping {!r}
 q - 6 scrolls of teleportation {@r4}
 s - 3 scrolls of blinking {!r}
 C - 5 scrolls of identify {@r1}
 E - a scroll of amnesia
Potions
 a - 3 potions of degeneration {unknown}
 c - a potion of brilliance {unknown}
 d - 5 potions of heal wounds {@q2}
 e - 2 potions of magic {unknown}
 f - 2 potions of might {unknown}
 g - 5 potions of invisibility
 k - a potion of flight {unknown}
 l - 3 potions of resistance {unknown}
 n - 3 potions of attraction {unknown}
 o - a potion of ambrosia {unknown}
 x - 3 potions of curing {unknown}
 G - a potion of mutation {unknown}

Dungeon Overview and Level Annotations

Branches:
Dungeon (8/15) Zot: 26933  Temple (1/1) D:7 Zot: 5913
   Lair: D:8-11

Altars:
Ashenzari
Cheibriados
Dithmenos
Fedhas
Gozag
Hepliaklqana
Kikubaaqudgha
Nemelex Xobeh
Okawaru
Qazlal
Sif Muna
Trog
Uskayaw
Vehumet
Wu Jian
Xom
Yredelemnul
Zin
The Shining One

Shops:
D:2

( #...........
#.........# .....
#.........+ ....#
#......<..# .....#
####.....[...# .....#
.............###+#.°...#
..................°....#
#####.....†......B...[.#
#...'...........@..)...#
#...#...................
#...#...................
#...#...................
#...#..#######..........
#...#..#.....#..........
#...#..'.....#..........
#####..#.....#..........
.......#.....#.........


You could see a boulder beetle (rolling, extremely poisoned).


Message History

You shoot a sling bullet. The sling bullet hits the shadow.
You shoot a sling bullet. The sling bullet hits the shadow!
The shadow slips into darkness.
The shadow flickers and vanishes for a moment.
You shoot a sling bullet.
The sling bullet closely misses the shadow.
You shoot a sling bullet.
The sling bullet barely misses the shadow.
You shoot a sling bullet. The sling bullet hits the shadow.
You shoot a sling bullet. The sling bullet hits the shadow.
You shoot a sling bullet. The sling bullet hits the shadow!
You destroy the shadow!
Dithmenos accepts your kill.
No target in view!
No target in view!
C - 4 scrolls of identify {@r1} (gained 1)
You open the door.
There is an open door here.
Found an escape hatch in the ceiling.
a - 3 brown potions (gained 1)
C - 5 scrolls of identify {@r1} (gained 1)
A shadow comes into view.
You shoot a sling bullet. The sling bullet hits the shadow.
You shoot a sling bullet. The sling bullet hits the shadow!
You shoot a sling bullet. The sling bullet hits the shadow.
You shoot a sling bullet.
The sling bullet closely misses the shadow.
The shadow slips into darkness.
The shadow flickers and vanishes for a moment.
You shoot a sling bullet. The sling bullet hits the shadow!
You shoot a sling bullet. The sling bullet hits the shadow.
You destroy the shadow!
Dithmenos accepts your kill.
No target in view!
No target in view!
No target in view!
You open the door.
A seven-headed hydra comes into view.
There is an open door here.
You shoot a sling bullet.
The sling bullet hits the seven-headed hydra!
The seven-headed hydra roars!
You shoot a sling bullet.
The sling bullet barely misses the seven-headed hydra.
You shoot a sling bullet.
The sling bullet hits the seven-headed hydra!
You shoot a sling bullet.
The sling bullet hits the seven-headed hydra!!
The seven-headed hydra looks as sick as possible!
You shoot a sling bullet.
The sling bullet hits the seven-headed hydra!
The seven-headed hydra looks as sick as possible!
You shoot a sling bullet.
The sling bullet hits the seven-headed hydra.
The seven-headed hydra looks as sick as possible!
A centaur comes into view.
You shoot a sling bullet.
The sling bullet hits the seven-headed hydra!
You kill the seven-headed hydra!
Dithmenos accepts your kill.
Training target 18.0 for Ranged Weapons reached!
Your Ranged Weapons skill increases to level 18!
You need to enable at least one skill for training.
Your Fighting skill increases to level 2!
Your Dodging skill increases to level 3!
You shoot a sling bullet. The sling bullet hits the centaur!
The centaur shouts!
The centaur wields a +0 shortbow.
The centaur shoots an arrow.
You reflect the arrow off an invisible shield around you!
The arrow closely misses the centaur.
You shoot a sling bullet. The sling bullet hits the centaur!
You kill the centaur!
Dithmenos accepts your kill.
No target in view!
No target in view!
No target in view!
A boulder beetle comes into view.
You shoot a sling bullet.
The sling bullet hits the boulder beetle but does no damage.
You shoot a sling bullet.
The sling bullet hits the boulder beetle but does no damage.
The boulder beetle is poisoned.
You shoot a sling bullet.
The sling bullet hits the boulder beetle.
The boulder beetle looks as sick as possible!
You shoot a sling bullet.
The sling bullet barely misses the boulder beetle.
The boulder beetle curls into a ball and begins rolling!
You shoot a sling bullet.
The sling bullet hits the boulder beetle but does no damage.
The boulder beetle looks as sick as possible!
You shoot a sling bullet.
The sling bullet hits the boulder beetle.
The boulder beetle looks as sick as possible!
You shoot a sling bullet.
The sling bullet hits the boulder beetle but does no damage.
The boulder beetle looks as sick as possible!
The boulder beetle hits you!!!
Ouch! That really hurt!
You die...

Skill      XL: |  1  2  3  4  5  6  7  8  9 10 |
---------------+-------------------------------+-----
Ranged Weapons | 5 6 7 8 10 12 14 17 18 | 18.0
Stealth        | 5 |  5.0
Fighting       | 2 |  2.2
Dodging        | 3 |  3.7

Action                   |  1- 3 |  4- 6 |  7- 9 | 10-12 || total
-------------------------+-------+-------+-------+-------++-------
Melee: Shortbow          |     1 |       |       |       ||     1
 Fire: Shortbow          |   120 |   183 |   425 |    29 ||   757
       Sling             |       |       |       |    29 ||    29
  Use: Scroll            |       |       |     7 |       ||     7
       Potion            |       |       |     2 |       ||     2
Armor: Robe              |     3 |     1 |     7 |       ||    11
Dodge: Dodged            |    42 |    59 |    83 |     4 ||   188
Block: Other             |       |       |    11 |     2 ||    13
       Reflection        |       |       |     2 |     2 ||     4

Levels and vault maps discovered:
D:1:      lightli_arrival_flooded_house, layout_rooms
D:2:      layout_rooms, serial_shops, shop
D:3:      layout_basic, chequers_ecumenical_altar_simple, serial_rivers,
          chequers_serial_rivers_large_a, chequers_serial_rivers_room_a,
          chequers_serial_rivers_marsh, chequers_serial_rivers_micro_c,
          st_stairs_12, uniq_robin, uniq_natasha
D:4:      layout_basic, minivault_19, mrwooster_statue_mirror, uniq_ijyb
D:5:      minmay_spotlight, layout_loops_cross, vehumet_crystals, uniq_sigmund,
          uniq_blork_the_orc
D:6:      nicolae_cairo_tiling_large_dashed, layout_basic,
          nicolae_overflow_hidden_temple
D:7:      layout_rooms, minmay_temple_entry_drinking_statues
D:8:      lemuel_bear_cage, layout_basic, dilly_guarded_unrand_morg
D:11:     layout_irregular_city, lair_entry_dummy, gammafunk_ghost_smash
Temple:   regret_index_temple_sphere_string

Notes
Turn   | Place    | Note
-------+----------+-------------------------------------------
     0 | D:1      | zeratav the Spriggan Hunter began the quest for the Orb.
     0 | D:1      | Reached XP level 1. HP: 10/10 MP: 2/2
     0 | D:1      | magus.rc [v1.9.6]
    64 | D:1      | Reached skill level 5 in Ranged Weapons
   139 | D:1      | Reached XP level 2. HP: 14/14 MP: 3/3
   440 | D:1      | Reached skill level 6 in Ranged Weapons
   514 | D:1      | Reached XP level 3. HP: 18/18 MP: 4/4
   717 | D:2      | Found Weniefau's Weapon Shoppe.
  1021 | D:2      | Reached skill level 7 in Ranged Weapons
  1021 | D:2      | Reached XP level 4. HP: 6/22 MP: 5/5
  1256 | D:3      | Noticed Natasha
  1263 | D:3      | Killed Natasha
  1526 | D:3      | Found a faded altar of an unknown god.
  1539 | D:3      | Reached XP level 5. HP: 25/25 MP: 6/6
  1571 | D:3      | Reached skill level 8 in Ranged Weapons
  1603 | D:3      | Noticed Natasha
  1608 | D:3      | Killed Natasha
  1665 | D:3      | Noticed Natasha
  1672 | D:3      | Killed Natasha
  1900 | D:3      | Noticed Robin
  1908 | D:3      | Killed Robin
  2299 | D:4      | Reached XP level 6. HP: 16/30 MP: 7/7
  2616 | D:4      | Reached skill level 9 in Ranged Weapons
  2874 | D:4      | Noticed Ijyb
  2902 | D:4      | HP: 7/30 [Ijyb/+0 dagger (4)]
  2903 | D:4      | Killed Ijyb
  3250 | D:4      | Identified the ring "Sauhik" {rCorr MP+9}
  3448 | D:4      | Reached skill level 10 in Ranged Weapons
  3720 | D:5      | Entered Level 5 of the Dungeon
  3822 | D:5      | Noticed a water moccasin
  3831 | D:5      | Killed a water moccasin
  3832 | D:5      | Reached XP level 7. HP: 19/33 MP: 8/8
  3958 | D:5      | Reached skill level 11 in Ranged Weapons
  4303 | D:5      | Reached skill level 12 in Ranged Weapons
  4303 | D:5      | Reached XP level 8. HP: 37/37 MP: 9/9
  4312 | D:5      | Noticed Blork the orc
  4316 | D:5      | Killed Blork the orc
  4339 | D:5      | You pick up a book of Callings and begin reading...
  4339 | D:5      | You add the spells Summon Small Mammal, Call Canine
                  | Familiar and Summon Guardian Golem to your library.
  4372 | D:5      | Reached skill level 3 in Stealth
  4388 | D:5      | Reached skill level 4 in Stealth
  4394 | D:5      | Reached skill level 5 in Stealth
  4883 | D:5      | Found a radiant altar of Vehumet.
  4937 | D:5      | Noticed Sigmund
  4941 | D:5      | Killed Sigmund
  4942 | D:5      | Reached skill level 13 in Ranged Weapons
  5072 | D:6      | You pick up a book of the Hunter and begin reading...
  5072 | D:6      | You add the spells Portal Projectile and Leda's
                  | Liquefaction to your library.
  5252 | D:6      | Reached skill level 14 in Ranged Weapons
  5252 | D:6      | Reached XP level 9. HP: 28/41 MP: 10/10
  5781 | D:6      | Found a snail-covered altar of Cheibriados.
  5783 | D:6      | Found an opulent altar of Gozag.
  5948 | D:7      | Reached skill level 15 in Ranged Weapons
  5961 | D:7      | Identified the +11 rapier of Bodily Harmony {venom, Dex+3}
  6010 | D:7      | Found a staircase to the Ecumenical Temple.
  6016 | Temple   | Entered the Ecumenical Temple
  6144 | Temple   | Became a worshipper of Dithmenos the Shadowed
  6749 | D:8      | You pick up a book of the Spheres and begin reading...
  6749 | D:8      | You add the spells Iskenderun's Battlesphere, Fireball,
                  | Conjure Ball Lightning and Orb of Destruction to your
                  | library.
  6900 | D:8      | Reached skill level 16 in Ranged Weapons
  6952 | D:8      | Reached * piety under Dithmenos
  7175 | D:8      | Noticed a death knight
  7564 | D:8      | Killed a death knight
  7565 | D:8      | Reached skill level 17 in Ranged Weapons
  7565 | D:8      | Reached XP level 10. HP: 24/46 MP: 11/11
  7894 | D:8      | Identified the +10 sling of Fortitude {venom, rF- rC++}
  8009 | D:8      | You fall into a shaft and drop 3 floors!
  8083 | D:11     | Noticed a seven-headed hydra
  8100 | D:11     | Killed a seven-headed hydra
  8101 | D:11     | Reached skill level 18 in Ranged Weapons
  8101 | D:11     | Reached skill level 2 in Fighting
  8101 | D:11     | Reached skill level 3 in Dodging
  8103 | D:11     | Noticed a boulder beetle
  8111 | D:11     | Mangled by a boulder beetle

Vanquished Creatures
  A hydra (D:11)
  A death knight (D:8)
  Sigmund (D:5)
  2 wraiths (D:8)
  2 shadows (D:11)
  A steam dragon (D:6)
  3 water moccasins
  A spectral hornet (D:8)
  2 ice beasts (D:6)
  An orc warrior (D:7)
  2 black bears
  3 ogres (D:5)
  A centaur (D:11)
  A phantom (D:4)
  A kobold brigand (D:8)
  Blork the orc (D:5)
  2 bullfrogs (D:7)
  A necrophage (D:4)
  2 scorpions (D:5)
  10 wights
  2 howler monkeys
  2 spectral centaurs (D:8)
  A gnoll shaman (D:8)
  A hound (D:7)
  5 orc priests
  3 jellies
  3 iguanas
  Ijyb (D:4)
  Natasha (thrice) (D:3)
  11 orc wizards
  A killer bee simulacrum (D:8)
  Robin (D:3)
  5 gnolls (D:8)
  9 adders
  A shadow imp (D:7)
  4 worms
  2 dart slugs
  25 orcs
  9 bats
  10 endoplasms
  2 giant cockroaches
  13 goblins
  9 hobgoblins
  6 jackals
  4 quokkas
  5 ball pythons
  3 frilled lizards
  9 kobolds
  4 rats
193 creatures vanquished.

Vanquished Creatures (others)
  20 withered plants (D:8)
20 creatures vanquished.

Grand Total: 213 creatures vanquished

Table legend:
 A = Non-vault XP
 B = Vault XP
 C = Vault XP percentage of total XP
 D = Non-vault monster count
 E = Vault monster count
 F = Vault count percentage of total count
                 A         B        C        D         E       F
            +---------+---------+-------+---------+---------+-------
      Total |    5846 |    2026 |  25.7 |     166 |      27 |  14.0
            +---------+---------+-------+---------+---------+-------
        D:1 |      41 |       0 |   0.0 |      24 |       0 |   0.0
        D:2 |      81 |       0 |   0.0 |      18 |       0 |   0.0
        D:3 |     183 |      74 |  28.8 |      23 |      14 |  37.8
        D:4 |     294 |      36 |  10.9 |      15 |       1 |   6.2
        D:5 |    1098 |     385 |  26.0 |      26 |       5 |  16.1
        D:6 |    1170 |       0 |   0.0 |      16 |       0 |   0.0
        D:7 |     891 |       0 |   0.0 |      18 |       0 |   0.0
        D:8 |     675 |    1531 |  69.4 |      22 |       7 |  24.1
       D:11 |    1413 |       0 |   0.0 |       4 |       0 |   0.0
            +---------+---------+-------+---------+---------+-------

Illustrated notes

Table legend:
 A = Kills in this place as a percentage of kills in entire the game.
 B = Kills by you in this place as a percentage of kills by you in the entire game.
 C = Kills by friends in this place as a percentage of kills by friends in the entire game.
 D = Other kills in this place as a percentage of other kills in the entire game.
 E = Experience gained in this place as a percentage of experience gained in the entire game.
 F = Experience gained in this place divided by the number of levels of this place that you have seen.
                   A       B       C       D       E      F
               +-------+-------+-------+-------+-------+----------------------
         Total | 100.0 | 100.0 |   N/A |   N/A | 100.0 | 787.2
       Dungeon | 100.0 | 100.0 |   N/A |   N/A | 100.0 | 874.7
               +-------+-------+-------+-------+-------+----------------------

Table legend: (Time is in decaauts)
 A = Elapsed time spent in this place.
 B = Non-inter-level travel time spent in this place.
 C = Inter-level travel time spent in this place.
 D = Time resting spent in this place.
 E = Time spent auto-exploring this place.
 F = Levels seen in this place.
 G = Mean time per level.
                   A        B        C        D        E       F      G
               +--------+--------+--------+--------+--------+-----+--------+
         Total |   6369 |   6219 |    150 |   1335 |   3781 |  10 |  636.9 |
       Dungeon |   6283 |   6145 |    138 |   1335 |   3715 |   9 |  698.1 |
        Temple |     86 |     74 |     12 |      0 |     66 |   1 |   86.0 |
               +--------+--------+--------+--------+--------+-----+--------+

Top non-repeatable levels by time:
     D:4: 1208 daAuts
     D:5: 1008 daAuts
     D:3: 836 daAuts
     D:8: 819 daAuts
     D:7: 810 daAuts
     D:2: 592 daAuts
     D:6: 581 daAuts
     D:1: 362 daAuts
  Temple: 86 daAuts
    D:11: 66 daAuts
